Unix NetHack Version 5.0.0-0 post-release - last build Jul 11 2026 15:18:16 (a5a7a23833b1ad5d30b1c6e96a93a978492a6348,branch:main).

Game began 2026-07-12 22:22:29, ended 2026-07-12 22:29:14.

Brudee, chaotic female human Rogue

       -------
       |*?![.|        ---------         -----.--
       |!%.(.|     ###-....%..|        0|..F....
       |%(().|    ##  |..).....#########|@.....|
       |+(...-#####   |.......| ########....<...
       |!.*+.|        |.......|##       |..%...|
       -------        ---------         --------

Brudee the Cutpurse     St:11 Dx:17 Co:14 In:11 Wi:12 Ch:9  Chaotic S:386
Dlvl:3  $:106 HP:0(26) Pw:7(7) AC:6  Xp:3/45 T:845  Satiated Blind Deaf

Latest messages:
 Kopasker offers 30 gold pieces for your scroll labeled KIRJE.  Sell it? [ynaq] (n) n
 You drop a scroll labeled ZELGO MER.
 Kopasker offers 40 gold pieces for your scroll labeled ZELGO MER.  Sell it? [ynaq] (n) n
 s - a scroll labeled ABRA KA DABRA.
 m - a scroll labeled FNORD.
 t - a scroll labeled KIRJE.
 u - a scroll labeled ZELGO MER.
 You do not owe Kopasker anything.
 Sparky picks up an orange gem.
 You see here a scroll labeled ABRA KA DABRA (for sale, 67 zorkmids).
 Sparky drops an orange gem.
 "For you, honored lady; only 67 zorkmids for this scroll labeled ABRA KA DABRA."
 z - a scroll labeled ABRA KA DABRA (unpaid, 67 zorkmids).
 You bought a scroll labeled ABRA KA DABRA for 67 gold pieces.
 "Thank you for shopping in Kopasker's general store!"
 You miss the lichen.
 You kill the lichen!
 There is an open door here.
 You see here a lichen corpse.
 There is a lichen corpse here; eat it? [ynq] (n) y
 This lichen corpse tastes okay.
 You finish eating the lichen corpse.
 Really step onto that rust trap? [yn] (n) n
 The goblin picks up 3 darts.
 You kill the goblin!
 Welcome to experience level 3.
 A - 3 darts.
 B - an iron skull cap.
 You are momentarily blinded by a flash of light!
 You hear a deafening roar!
 Wait!  There's something there you can't see!
 You miss it.
 It hits!
 You hit it.
 You are splashed!
 Your leather armor is not affected by corrosion.
 Your short sword corrodes!
 It hits!
 In what direction? k
 You throw 2 daggers.
 The 1st dagger hits it.
 The 2nd dagger hits it.
 You kill it!
 It hits!
 In what direction? j
 The dagger hits it.
 It hits!
 You die...
 Do you want your possessions identified? [ynq] (y) y
 Do you want to see your attributes? [ynq] (y) q

Inventory:
 Coins    ('$')
  $ - 106 gold pieces
 Weapons  (')')
  A - 3 +0 darts
  x - a poisoned +2 dart
  y - 7 cursed +1 shuriken
  b - 6 +0 daggers (at the ready)
  a - a corroded +0 short sword (weapon in right hand)
 Armor    ('[')
  B - an uncursed rustproof +1 orcish helm
  l - an uncursed +0 pair of water walking boots (being worn)
  c - a blessed +1 leather armor (being worn)
 Scrolls  ('?')
  u - an uncursed scroll of enchant armor
  t - an uncursed scroll of enchant weapon
  s - an uncursed scroll of light
  z - an uncursed scroll of light
  m - a cursed scroll of remove curse
 Potions  ('!')
  j - 4 cursed potions of healing
  d - an uncursed potion of sickness
 Rings    ('=')
  o - an uncursed ring of slow digestion
 Wands    ('/')
  q - a wand of fire (0:5)
  w - a wand of locking (0:8)
  p - a wand of polymorph (0:5)
 Tools    ('(')
  f - an empty uncursed sack
  g - an uncursed blindfold
  r - a cursed brass lantern
  e - an uncursed lock pick
 Gems/Stones  ('*')
  k - an uncursed worthless piece of green glass
  v - an uncursed worthless piece of white glass

Brudee the Rogue's attributes:

Background:
 You were a Cutpurse, a level 3 female human Rogue.
 You were chaotic, on a mission for Kos
 who was opposed by Issek (lawful) and Mog (neutral).
 You were right-handed.
 You were in the Dungeons of Doom, on level 3.
 You entered the dungeon 845 turns ago.
 It was nighttime.
 You had 45 experience points, 35 more were needed to attain level 4.
 Your score was 386 before end-of-game adjustments.

Basics:
 You had 0 out of 26 hit points.
 You had all 7 energy points (spell power).
 Your armor class was 6.
 Your wallet contained 106 zorkmids.
 Autopickup was on for '$!=+?/"' plus thrown.

Final Characteristics:
 Your strength was 11 (limit:18/100).
 Your dexterity was 17 (peak:18, limit:18).
 Your constitution was 14 (limit:18).
 Your intelligence was 11 (limit:18).
 Your wisdom was 12 (limit:18).
 Your charisma was 9 (limit:18).

Final Status:
 You were temporarily blind.
 You were deaf.
 You were satiated.
 You were unencumbered.
 You were wielding a short sword.
 You had basic skill with short sword.

Final Attributes:
 You were devoutly aligned.
 You were stealthy.
 You could walk on water.
 You were warded.
 You are dead.

Miscellaneous:
 You didn't encounter any bones levels.
 Total elapsed playing time was 6 minutes and 44 seconds.

Major events:
 Turn
    1: Brudee the chaotic female human Rogue entered the dungeon
  833: attained the rank of Cutpurse (level 3)
  845: killed by a hobbit

You didn't know any spells.

Skills:
 Fighting Skills
   bare handed combat [Unskilled]
   two weapon combat  [Unskilled]
   riding             [Unskilled]
 Weapon Skills
   dagger             [Basic]
   knife              [Unskilled]
   short sword        [Basic]
   broadsword         [Unskilled]
   long sword         [Unskilled]
   two-handed sword   [Unskilled]
   saber              [Unskilled]
   club               [Unskilled]
   mace               [Unskilled]
   morning star       [Unskilled]
   flail              [Unskilled]
   hammer             [Unskilled]
   polearms           [Unskilled]
   spear              [Unskilled]
   crossbow           [Unskilled]
   dart               [Unskilled]
   shuriken           [Unskilled]
 Spellcasting Skills
   divination spells  [Unskilled]
   escape spells      [Unskilled]
   matter spells      [Unskilled]

Voluntary challenges:
 Character rerolling was not enabled.
 You were an atheist.
 You were illiterate.
 You never genocided any monsters.
 You never polymorphed an object.
 You never changed form.
 You used no wishes.
Achievements:
 You entered a shop.
 You attained the rank of Cutpurse.

 The Dungeons of Doom: levels 1 to 3
    Level 1:
       A fountain, a grave.
    Level 2:
    Level 3: <- You were here.
       A general store.
       Final resting place for
          you, killed by a hobbit.


Vanquished creatures:
 an acid blob
  a hobbit
  7 jackals
  3 kobolds
  a goblin
  a grid bug
  2 lichens
  a kobold zombie
  2 newts
19 creatures vanquished.

No species were genocided or became extinct.

Game over:
                       ----------
                      /          \
                     /    REST    \
                    /      IN      \
                   /     PEACE      \
                  /                  \
                  |      Brudee      |
                  |      106 Au      |
                  |   killed by a    |
                  |      hobbit      |
                  |                  |
                  |                  |
                  |       2026       |
                 *|     *  *  *      | *
        _________)/\\_//(\/(/\)/\//\/|_)_______

Goodbye Brudee the Rogue...

You died in The Dungeons of Doom on dungeon level 3 with 376 points,
and 106 pieces of gold, after 845 moves.
You were level 3 with a maximum of 26 hit points when you died.

